AoeStats
← Thorshammerpådinmor

Arabia

510346883Analyzed
1v1 RM · 24h ago on Sep 30, 2026· 43m 58s· 2 players
Game mode
Random Map
Map size
Tiny (2 player)
Population
200
Speed
Normal
Resources
Standard
Victory
Conquest
Starting age
Dark Age
Ending age
Imperial Age
RankedLock teamsTeams togetherTeam positionsShared explorationLock speedFull tech treeHidden civsTurbo modeCheats
Victory
Defeat
🇩🇰 Mongols · Denmark
877
+18
🇸🇮 Mongols · Slovenia
913
-18
Thorshammerpådinmor
6:24 Loom
9:45 Feudal Age
19:09 Castle Age
23:46 Fletching
23:56 Padded Archer Armor
28:37 Bodkin Arrow
37:16 Imperial Age
35:27 Scale Barding Armor
35:32 Forging
35:24 Padded Archer Armor
35:59 Bloodlines
37:55 Ballistics
38:43 Elite Steppe Lancer
DAKC THE GREAT
0:28 Loom
9:54 Feudal Age
15:34 Horse Collar
21:40 Castle Age
20:31 Forging
20:53 Scale Barding Armor
21:55 Bloodlines
26:00 Husbandry
28:21 Town Watch
29:30 Wheelbarrow
29:00 Double-Bit Axe
31:58 Iron Casting
32:36 Gold Mining
37:04 Chain Barding Armor
Connection lost

Rejoining the realm…

Still unreachable

The connection could not be restored.

Session expired

The server has moved on; the page needs a fresh start.